 Dungeon Crawl Stone Soup version 0.32-a0-630-g46d191b0ed (webtiles) character file.

Game seed: 12103910409103487486

415 Dittersdorf the Covered (level 6, -2/40 HPs)
             Began as a Gargoyle Fighter on Mar 6, 2024.
             Slain by a gnoll
             ... wielding a +0 halberd
              (7 damage)
             ... on level 3 of the Dungeon.
             The game lasted 00:03:35 (2663 turns).

Dittersdorf the Covered (Gargoyle Fighter)          Turns: 2663, Time: 00:03:35

Health: -2/40      AC: 15    Str: 28    XL:     6   Next: 92%
Magic:  6/6        EV:  8    Int:  8    God:
Gold:   182        SH:  4    Dex:  9    Spells: 5/5 levels left

rFire   + . .        a - +0 flail
rCold   . . .        c - +0 buckler
rNeg    + . .        p - +0 chain mail
rPois   ∞            i - +1 hat
rElec   +            (no cloak)
rCorr   .            (no gloves)
SInv    .            (no boots)
Will    .....        (no amulet) Stlth
                     n - +6 ring of strength
HPRegen 0.26/turn    h - ring of protection from fire
MPRegen 0.10/turn

%: no passive effects
@: no status effects
A: sickness immunity, AC +4, negative energy resistance 1, electricity
resistance, torment resistance 1, petrification resistance
a: no special abilities


You were on level 3 of the Dungeon.
You visited 1 branch of the dungeon, and saw 3 of its levels.

You collected 182 gold pieces.

Inventory:

Hand Weapons
 a - a +0 flail (weapon)
Armour
 c - a +0 buckler (worn)
 i - a +1 hat (worn)
 p - a +0 chain mail (worn)
Jewellery
 h - a ring of protection from fire (right hand)
 n - a +6 ring of strength (left hand)
Scrolls
 b - a scroll of revelation {unknown}
 f - a scroll of poison {unknown}
 j - a scroll of teleportation {unknown}
 m - a scroll of brand weapon {unknown}
 o - a scroll of blinking {unknown}
 r - a scroll of enchant armour {unknown}
Potions
 d - a potion of might
 e - 2 potions of brilliance {unknown}
 g - 2 potions of curing {unknown}
 k - 2 potions of enlightenment {unknown}
 l - a potion of mutation {unknown}
 q - a potion of haste {unknown}


   Skills:
 + Level 5.0 Fighting
 + Level 3.8 Maces & Flails
 + Level 5.0 Armour
 + Level 4.9 Shields


You had 5 spell levels left.
You didn't know any spells.
Your spell library contained the following spells:

 Spells                   Type           Power      Damage    Failure   Level
 Anguish                  Hex/Necr       0%         N/A       100%        4
 Cause Fear               Hex            0%         N/A       100%        4
 Petrify                  Alch/Erth      0%         N/A       100%        4
 Summon Blazeheart Golem  Fire/Summ      0%         N/A       100%        4
 Irradiate                Conj/Alch      0%         3d11      100%        5
 Enfeeble                 Hex            0%         N/A       100%        7
 Orb of Destruction       Conj           0%         9d5       100%        7
 Spellforged Servitor     Conj/Summ      0%         N/A       100%        7
 Sublimation of Blood     Necr           Unusable   N/A       N/A         2

Dungeon Overview and Level Annotations

Branches:
Dungeon (3/15)

Altars:

Shops:
D:1 (*

Annotations:
D:3 1 runed translucent door, Crazy Yiuf


Innate Abilities, Weirdness & Mutations

You are immune to sickness and miasma.
Your stone body is resilient. (AC +4)
You are immune to poison.
You resist negative energy. (rN+)
You are resistant to electric shocks. (rElec)
You are resistant to unholy torment.
You are immune to petrification.


Message History

The gnoll is almost dead.
The gnoll barely misses you. The gnoll hits you but does no damage.
The gnoll barely misses you.
You barely miss the gnoll.
The gnoll is almost dead.
The gnoll hits you but does no damage. x2
You sock the gnoll!
You kill the gnoll!
The gnoll hits you but does no damage.
You sock the giant cockroach!
You kill the giant cockroach!
The gnoll hits you but does no damage. The gnoll closely misses you.
The gnoll hits you but does no damage. The gnoll barely misses you.
Things that are here:
a +0 spear; a +0 club; a gnoll corpse You closely miss the gnoll.
The gnoll hits you but does no damage. The gnoll hits you with a +0 spear.
The gnoll hits you but does no damage. x2
You barely miss the gnoll. The gnoll completely misses you.
The gnoll barely misses you.
You hit the gnoll.
The gnoll is lightly wounded.
The gnoll hits you but does no damage. The gnoll hits you with a +0 spear.
You hit the gnoll but do no damage.
The gnoll is lightly wounded.
The gnoll hits you but does no damage. You block the gnoll's attack.
You hit the gnoll.
The gnoll is heavily wounded.
The gnoll hits you but does no damage. You block the gnoll's attack.
You hit the gnoll but do no damage.
The gnoll is heavily wounded.
The gnoll barely misses you.
The gnoll hits you but does no damage. x2
The gnoll hits you with a +0 halberd!
* * * LOW HITPOINT WARNING * * *
You closely miss the gnoll.
The gnoll is heavily wounded.
You block the gnoll's attack. The gnoll hits you but does no damage.
You hit the gnoll.
The gnoll is almost dead.
The gnoll hits you with a +0 halberd!
You die...

#...............# ###..#####
#..
#...............####.......#
##.
#....................#####.##
#. ##...................## #..#
#.
##...........#.[.....#####.##
##
######.####.#..............####
.... #..........####......
#..... ##.#######...###..###
<.... #..@g# ###..###...# ####
####g# ##....##.# #.>..#
####.##.. #~....♣ #...)..
..~.~~.# #..####. .~..~.≈.##.#
## ....≈~.~..#. # #~.≈.♣~.~♣~.
# #~..♣#≈.♣##


You could see 2 gnolls.

Vanquished Creatures
  Sigmund (D:2)
  An orc priest (D:2)
  Jessica (D:2)
  3 orc wizards
  2 adders
  5 gnolls (D:3)
  A ribbon worm (D:2)
  10 orcs (D:3)
  7 ball pythons
  5 bats
  3 endoplasms
  4 giant cockroaches
  5 goblins
  2 hobgoblins
  2 jackals (D:1)
  5 kobolds
  2 quokkas (D:1)
  2 frilled lizards
  4 rats
65 creatures vanquished.

Notes
Turn   | Place    | Note
-------+----------+-------------------------------------------
     0 | D:1      | Dittersdorf the Gargoyle Fighter began the quest for the
                  | Orb.
     0 | D:1      | Reached XP level 1. HP: 14/14 MP: 1/1
    78 | D:1      | Reached XP level 2. HP: 18/19 MP: 2/2
   395 | D:1      | Found Muboaffedwi's Antique Weapon Boutique.
   428 | D:1      | Found Queplin's General Store.
   531 | D:1      | Reached XP level 3. HP: 23/23 MP: 3/3
   541 | D:1      | Found a faded altar of an unknown god.
   941 | D:2      | Noticed Sigmund
   967 | D:2      | Killed Sigmund
   968 | D:2      | Reached XP level 4. HP: 16/30 MP: 4/4
   968 | D:2      | Reached XP level 5. HP: 19/34 MP: 5/5
  1297 | D:2      | Noticed Jessica
  1300 | D:2      | Killed Jessica
  1466 | D:2      | Reached XP level 6. HP: 39/39 MP: 6/6
  2230 | D:3      | Found a runed translucent door.
  2231 | D:3      | Noticed Crazy Yiuf
  2510 | D:2      | Reached skill level 5 in Armour
  2641 | D:3      | Reached skill level 5 in Fighting
  2663 | D:3      | Slain by a gnoll

Illustrated notes

Levels and vault maps discovered:
D:1:      dpeg_arrival_pits, layout_loops_ring, serial_shops, shop,
          nicolae_shop_just_a_little_nook,
          shapermc_ecumenical_altar_mp_highgroup
D:2:      layout_basic, uniq_jessica, uniq_sigmund
D:3:      layout_rooms, chequers_serial_rivers_marsh, grunt_ministairs_8,
          uniq_crazy_yiuf_cottage

Skill      XL: |  1  2  3  4  5  6 |
---------------+-------------------+-----
Fighting       | 4 5 |  5.0
Maces & Flails | 3 |  3.8
Armour         | 4 5 |  5.0
Shields        | 4 |  4.9

Action                     |  1- 3 |  4- 6 || total
---------------------------+-------+-------++-------
  Melee: Flail             |    77 |   177 ||   254
 Armour: Scale mail        |    63 |    56 ||   119
         Chain mail        |       |   114 ||   114
  Dodge: Dodged            |    36 |    65 ||   101
  Block: Buckler           |    24 |    36 ||    60

Table legend: (Time is in decaauts)
 A = Elapsed time spent in this place.
 B = Non-inter-level travel time spent in this place.
 C = Inter-level travel time spent in this place.
 D = Time resting spent in this place.
 E = Time spent auto-exploring this place.
 F = Levels seen in this place.
 G = Mean time per level.
                   A        B        C        D        E       F      G
               +--------+--------+--------+--------+--------+-----+--------+
         Total |   2733 |   2547 |    186 |    373 |   1525 |   3 |  911.0 |
       Dungeon |   2733 |   2547 |    186 |    373 |   1525 |   3 |  911.0 |
               +--------+--------+--------+--------+--------+-----+--------+

Top non-repeatable levels by time:
     D:2: 1118 daAuts
     D:1: 853 daAuts
     D:3: 761 daAuts
